 Dungeon Crawl Stone Soup version 0.25-a0-302-g9f758675c1 (webtiles) character file.

Game seed: 4515832662537889098, levelgen mode: deterministic

51 MoonlitKnight the Charmwright (level 3, -3/31 HPs)
             Began as a Gnoll Skald on Dec 20, 2019.
             Slain by an adder (4 damage)
             ... on level 2 of the Dungeon.
             The game lasted 00:01:51 (1142 turns).

MoonlitKnight the Charmwright (Gnoll Skald)         Turns: 1142, Time: 00:01:51

Health: -3/31      AC:  3    Str: 14    XL:     3   Next: 83%
Magic:  9/9        EV: 14    Int: 15    God:
Gold:   125        SH:  0    Dex: 14    Spells: 1/12 levels left

rFire    . . .     SeeInvis .   a - +0 spear
rCold    . . .     Gourm    .   (no shield)
rNeg     . . .     Faith    .   b - +0 leather armour
rPois    .         Spirit   .   (no helmet)
rElec    .         Reflect  .   (no cloak)
rCorr    .         Harm     .   (no gloves)
MR       .....                  (no boots)
Stlth    +.........             (no amulet)
HPRegen  0.10/turn              (no ring)
MPRegen  0.11/turn              (no ring)

@: lethally poisoned (-3 -> -7)
A: distributed training, fangs 1, strong nose
a: no special abilities


You were on level 2 of the Dungeon.
You were not hungry.

You visited 1 branch of the dungeon, and saw 2 of its levels.

You collected 125 gold pieces.

Inventory:

Hand Weapons
 a - a +0 spear (weapon)
Missiles
 j - 20 sling bullets
Armour
 b - a +0 leather armour (worn)
Jewellery
 g - an uncursed ring of protection from magic {unknown}
Scrolls
 c - 2 scrolls of remove curse {unknown}
 h - 3 scrolls of identify {unknown}
Potions
 e - 3 potions of curing {unknown}
 f - a potion of cancellation {unknown}
 i - a potion of haste {unknown}
 k - a potion of brilliance {unknown}
 l - a potion of agility {unknown}
 n - a potion of might {unknown}
Comestibles
 d - 4 rations
 m - a chunk of flesh


   Skills:
 + Level 4.5 Fighting
 + Level 0.9 Short Blades
 + Level 0.9 Long Blades
 + Level 0.9 Axes
 + Level 0.9 Maces & Flails
 + Level 4.5 Polearms
 + Level 0.9 Staves
 + Level 0.9 Slings
 + Level 0.9 Bows
 + Level 0.9 Crossbows
 + Level 0.9 Throwing
 + Level 2.6 Armour
 + Level 4.5 Dodging
 + Level 0.9 Stealth
 + Level 0.9 Shields
 + Level 0.9 Unarmed Combat
 + Level 5.0 Spellcasting
 + Level 0.6 Conjurations
 + Level 0.6 Hexes
 + Level 5.4 Charms
 + Level 0.6 Summonings
 + Level 0.6 Necromancy
 + Level 0.6 Translocations
 + Level 0.6 Transmutations
 + Level 0.6 Fire Magic
 + Level 0.6 Ice Magic
 + Level 0.6 Air Magic
 + Level 0.6 Earth Magic
 + Level 0.6 Poison Magic
 + Level 1.0 Invocations
 + Level 0.9 Evocations


You had one spell level left.
You knew the following spells:

 Your Spells              Type           Power        Failure   Level  Hunger
a - Spectral Weapon       Hex/Chrm       ##......     17%         3    ###....
b - Shroud of Golubria    Chrm/Tloc      ##....       9%          2    ##.....
c - Infusion              Chrm           ###.         2%          1    None
d - Regeneration          Chrm/Necr      ##........   17%         3    ###....
e - Song of Slaying       Chrm           ###.....     3%          2    ##.....

Your spell library contained the following spells:

 Spells                   Type           Power        Failure   Level  Hunger


Dungeon Overview and Level Annotations

Branches:
Dungeon (2/15)

Altars:
Ashenzari


Innate Abilities, Weirdness & Mutations

Your experience applies equally to all skills.
You have very sharp teeth.
Your uncanny sense of smell can sniff out nearby items.


Message History

The adder is lightly wounded.
You feel sick. The adder barely misses you.
You hit the adder.
The adder is heavily wounded.
The adder barely misses you.
You hit the adder but do no damage. You bite the adder, but do no damage.
The adder is heavily wounded.
You feel sick. The adder bites you.
* * * LOW HITPOINT WARNING * * *
You barely miss the adder.
The adder is heavily wounded.
The adder bites you.
* * * LOW HITPOINT WARNING * * *
You miss the adder. Your bite misses the adder.
The adder is heavily wounded.
* * * LOW HITPOINT WARNING * * *
You feel sick. The adder bites you.
* * * LOW HITPOINT WARNING * * *
The adder bites you.
You die...

#....... #....?..
#...... #.....
############....#
#..........#....#
#..........#..S.#
#..........#.(@.######
#..........#.)........
#..........###'#######
###....#########.####..
.......#................
.......#.#######........
...............#........
...............#........
...............#........


You could see an adder.

Vanquished Creatures
  Terence (D:2)
  A worm (D:2)
  A dart slug (D:1)
  2 goblins (D:1)
  3 hobgoblins
  3 jackals (D:1)
  6 bats
  A frilled lizard (D:1)
  3 kobolds
  2 rats (D:1)
23 creatures vanquished.

Notes
Turn   | Place    | Note
-------+----------+-------------------------------------------
     0 | D:1      | MoonlitKnight the Gnoll Skald began the quest for the Orb.
     0 | D:1      | Reached XP level 1. HP: 20/20 MP: 6/6
   452 | D:1      | Reached XP level 2. HP: 26/26 MP: 7/7
   598 | D:1      | Found a shattered altar of Ashenzari.
   812 | D:1      | Learned a level 2 spell: Shroud of Golubria
  1021 | D:2      | Reached skill level 5 in Spellcasting
  1021 | D:2      | Reached XP level 3. HP: 19/31 MP: 6/9
  1026 | D:2      | Learned a level 3 spell: Spectral Weapon
  1030 | D:2      | Learned a level 3 spell: Regeneration
  1033 | D:2      | Learned a level 2 spell: Song of Slaying
  1043 | D:2      | Noticed Terence
  1062 | D:2      | Killed Terence
  1062 | D:2      | Reached skill level 1 in Invocations
  1142 | D:2      | HP: 1/31 [adder (2)]
  1142 | D:2      | Slain by an adder

Levels and vault maps discovered:
D:1:      eino_arrival_cavern_d, layout_loops_ring, nrook_uturn,
          evilmike_ruin_ashenzari
D:2:      layout_basic, uniq_terence

Skill      XL: |  1  2  3 |
---------------+----------+-----
Spellcasting   | 5 |  5.0
Invocations    | 1 |  1.0
Fighting       | |  4.5
Short Blades   | |  0.9
Long Blades    | |  0.9
Axes           | |  0.9
Maces & Flails | |  0.9
Polearms       | |  4.5
Staves         | |  0.9
Slings         | |  0.9
Bows           | |  0.9
Crossbows      | |  0.9
Throwing       | |  0.9
Armour         | |  2.6
Dodging        | |  4.5
Stealth        | |  0.9
Shields        | |  0.9
Unarmed Combat | |  0.9
Conjurations   | |  0.6
Hexes          | |  0.6
Charms         | |  5.4
Summonings     | |  0.6
Necromancy     | |  0.6
Translocations | |  0.6
Transmutations | |  0.6
Fire Magic     | |  0.6
Ice Magic      | |  0.6
Air Magic      | |  0.6
Earth Magic    | |  0.6
Poison Magic   | |  0.6
Evocations     | |  0.9

Action                   || total
-------------------------++-------
Melee: Spear             ||   105
       Bite              ||    11
       Punch             ||     1
 Cast: Shroud of Golubri ||     1
       Infusion          ||     1
       Spectral Weapon   ||     1
 Stab: Sleeping          ||     1
       Distracted        ||     1
  Eat: Chunk             ||     1
Armor: Leather armour    ||    22
Dodge: Dodged            ||    63

Table legend:
 A = Non-vault XP
 B = Vault XP
 C = Vault XP percentage of total XP
 D = Non-vault monster count
 E = Vault monster count
 F = Vault count percentage of total count
                 A         B        C        D         E       F
            +---------+---------+-------+---------+---------+-------
      Total |      38 |      36 |  48.6 |      22 |       1 |   4.3
            +---------+---------+-------+---------+---------+-------
        D:1 |      29 |       0 |   0.0 |      18 |       0 |   0.0
        D:2 |       9 |      36 |  80.0 |       4 |       1 |  20.0
            +---------+---------+-------+---------+---------+-------
